 Dungeon Crawl Stone Soup version 0.29.1-1-gd02db6906a (webtiles) character file.

Game seed: 44321682393263815

56 LabCoat the Trooper (level 3, -2/34 HPs)
             Began as a Hill Orc Fighter on Oct 5, 2022.
             Slain by Terence
             ... wielding a +0 trident
              (5 damage)
             ... on level 3 of the Dungeon.
             The game lasted 00:03:41 (2040 turns).

LabCoat the Trooper (Hill Orc Fighter)              Turns: 2040, Time: 00:03:42

Health: -2/34      AC:  9    Str: 20    XL:     3   Next: 97%
Magic:  3/3        EV:  7    Int:  8    God:
Gold:   87         SH:  5    Dex: 10    Spells: 2/2 levels left

rFire   . . .      SeeInvis +   a - +0 war axe
rCold   . . .      Faith    .   c - +1 buckler
rNeg    . . .      Spirit   .   g - +0 chain mail
rPois   .          Reflect  .   (no helmet)
rElec   .          Harm     .   (no cloak)
rCorr   .          Rampage  .   (no gloves)
Will    .....                   (no boots)
Stlth   ..........              (no amulet)
HPRegen 0.11/turn               e - ring of see invisible
MPRegen 0.08/turn               (no ring)

@: no status effects
A: no striking features
a: no special abilities


You were on level 3 of the Dungeon.
You visited 1 branch of the dungeon, and saw 3 of its levels.

You collected 87 gold pieces.

Inventory:

Hand Weapons
 a - a +0 war axe (weapon)
Armour
 c - a +1 buckler (worn)
 g - a +0 chain mail (worn)
Jewellery
 e - a ring of see invisible (left hand)
Scrolls
 d - a scroll of teleportation


   Skills:
 * Level 4.3 Fighting
 * Level 3.6 Axes
 + Level 3.6 Armour
 + Level 0.8 Dodging
 + Level 3.6 Shields


You had 2 spell levels left.
You didn't know any spells.
Your spell library contained the following spells:

 Spells                   Type           Power      Damage    Failure   Level
 Apportation              Tloc           0%         N/A       99%         1
 Necrotise                Necr           0%         1d4       99%         1
 Summon Small Mammal      Summ           0%         N/A       99%         1


Dungeon Overview and Level Annotations

Branches:
Dungeon (3/15)

Altars:
Wu Jian

Annotations:
D:3 Terence


Message History

Terence shouts!
Terence zaps a wand.
The puff of flame hits you.
You aren't carrying any items that you can evoke.
Okay, then.
Terence zaps a wand.
The puff of flame hits you!
You start resting.
Terence is nearby!
Terence zaps a wand.
The puff of flame hits you but does no damage.
Terence hits you with a +0 trident.
You barely miss Terence. Terence barely misses you.
You hit Terence but do no damage.
Terence zaps a wand.
The puff of flame hits you.
You feel better. Terence completely misses you.
You hit Terence but do no damage. Terence hits you but does no damage.
Terence hits you with a +0 trident.
You hit Terence.
Terence is lightly wounded.
Terence hits you with a +0 trident.
You closely miss Terence.
Terence is lightly wounded.
Terence zaps a wand.
The puff of flame hits you.
* * * LOW HITPOINT WARNING * * *
As you read the scroll of fear, it crumbles to dust.
You assume a fearsome visage.
Terence looks frightened!
Terence yells at you, "GO AWAY!"
Found 2 stones.
You start resting.
Terence is nearby!
You start resting.
Terence is nearby!
You block Terence's attack.
You barely miss Terence. Terence hits you with a +0 trident.
You closely miss Terence.
Terence zaps a wand.
The puff of flame misses you. Terence hits you but does no damage.
You hit Terence but do no damage. Terence hits you with a +0 trident.
You barely miss Terence. Terence hits you with a +0 trident!
* * * LOW HITPOINT WARNING * * *
Terence hits you with a +0 trident.
You die...

.(# #.# ####.#
....# #..# ..#.#
##..######### ..#.#
#......@....# ..#.#
#...#######@######
....#
#.........@........
....#
#.#.#######.#######
...# #.#.# #.#
..#####.#.# #.#
........#.# #.#
..#######.# #.# #.#
#.. #.# #.# ## .#
.[#


You could see Terence.

Vanquished Creatures
  2 adders (D:2)
  A dart slug (D:2)
  A worm (D:2)
  3 ball pythons
  An endoplasm (D:1)
  3 giant cockroaches
  7 hobgoblins
  A quokka (D:1)
  3 bats
  3 frilled lizards (D:2)
  2 goblins
  4 kobolds
  3 rats
34 creatures vanquished.

Notes
Turn   | Place    | Note
-------+----------+-------------------------------------------
     0 | D:1      | LabCoat the Hill Orc Fighter began the quest for the Orb.
     0 | D:1      | Reached XP level 1. HP: 19/19 MP: 1/1
   294 | D:1      | Reached XP level 2. HP: 11/27 MP: 2/2
   709 | D:1      | Reached skill level 4 in Fighting
   989 | D:2      | Found an ornate altar of the Wu Jian Council.
  1030 | D:2      | Reached XP level 3. HP: 33/33 MP: 3/3
  1961 | D:3      | Noticed Terence
  2040 | D:3      | Slain by Terence

Illustrated notes

Levels and vault maps discovered:
D:1:      dpeg_arrival_orchard, layout_basic
D:2:      layout_basic, basic_altar, minmay_misc_feat_ornament,
          minmay_misc_feat_encased
D:3:      layout_loops_ring, grunt_temple_overflow_open, uniq_terence

Skill      XL: |  1  2 |
---------------+-------+-----
Axes           | 3 |  3.6
Fighting       | 4 |  4.3
Armour         | |  3.6
Dodging        | |  0.8
Shields        | |  3.6

Action                   || total
-------------------------++-------
Melee: War axe           ||    94
  Use: Scroll            ||    10
       Potion            ||     2
Armor: Scale mail        ||    48
       Chain mail        ||     3
Dodge: Dodged            ||    54
Block: Buckler           ||    21
